 Dungeon Crawl Stone Soup version 0.22-a0-293-gc9362ec (webtiles) character file.

80 Amnesiac the Magician (level 3, -4/26 HPs)
             Began as a Demigod Wizard on Mar 25, 2018.
             Slain by a gnoll
             ... wielding a +0 flail
              (12 damage)
             ... on level 2 of the Dungeon.
             The game lasted 00:01:41 (1724 turns).

Amnesiac the Magician (Demigod Wizard)              Turns: 1724, Time: 00:01:41

Health: -4/26      AC:  2    Str: 13    XL:     3   Next: 98%
Magic:  3/10       EV:  6    Int: 24    God:
Gold:   144        SH:  0    Dex: 14    Spells: 2/8 levels left

rFire    . . .     SeeInvis .   i - +0 spear
rCold    . . .     Gourm    .   (no shield)
rNeg     . . .     Faith    .   a - +0 robe
rPois    .         Spirit   .   b - +0 hat
rElec    .         Reflect  .   (no cloak)
rCorr    .         Harm     .   (no gloves)
MR       .....                  (no boots)
Stlth    ++........             (no amulet)
HPRegen  0.08/turn              c - +3 ring of strength
MPRegen  0.12/turn              (no ring)

@: held
A: high mp 1
a: no special abilities


You were on level 2 of the Dungeon.
You were not hungry.

You visited 1 branch of the dungeon, and saw 2 of its levels.

You collected 144 gold pieces.

Inventory:

Hand Weapons
 i - a +0 spear (weapon)
Armour
 a - a +0 robe (worn)
 b - a +0 hat (worn)
Jewellery
 c - a +3 ring of strength (left hand)
Scrolls
 f - a scroll of teleportation {!r, unknown}
 g - 3 scrolls of identify {!r, unknown}
 h - a scroll of blinking {!r, unknown}
 k - a scroll of amnesia {!r, unknown}
Potions
 e - a potion of heal wounds {!q, unknown}
 j - a potion of flight {!q, unknown}
Comestibles
 d - 2 rations
 l - 3 chunks of flesh


   Skills:
 - Level 1.7 Dodging
 - Level 1.7 Stealth
 + Level 3.3 Spellcasting
 * Level 3.1 Conjurations
 - Level 0.8 Summonings
   Level 0.8 Translocations


You had 2 spell levels left.
You knew the following spells:

 Your Spells              Type           Power        Failure   Level  Hunger
a - Magic Dart            Conj           ###.         3%          1    None
b - Call Imp              Summ           #.......     11%         2    ##.....
e - Mephitic Cloud        Conj/Pois/Air  #.......     21%         3    ###....


Dungeon Overview and Level Annotations

Branches:
Dungeon (2/15)


Innate Abilities, Weirdness & Mutations

You have an increased reservoir of magic. (+10% MP)


Message History

The gnoll is almost dead.
The gnoll closely misses you.
A quokka comes into view.
Casting: Magic Dart (safe; 3% risk of failure)
Confirm with . or Enter, or press ? or * to list all spells.
Aiming: Magic Dart (safe; 3% risk of failure)
Press: ? - help, Shift-Dir - straight line, f/p - gnoll
Aim: a gnoll, wielding a whip (almost dead)
The magic dart hits the gnoll.
You kill the gnoll!
Casting: Magic Dart (safe; 3% risk of failure)
Confirm with . or Enter, or press ? or * to list all spells.
Aiming: Magic Dart (safe; 3% risk of failure)
Press: ? - help, Shift-Dir - straight line, f - worm
Aim: a worm The magic dart hits the worm.
The worm is moderately wounded.
The worm misses you.
Casting: Magic Dart (safe; 3% risk of failure)
Confirm with . or Enter, or press ? or * to list all spells.
You don't have enough magic to cast that spell.
Casting: Magic Dart (safe; 3% risk of failure)
Confirm with . or Enter, or press ? or * to list all spells.
You don't have enough magic to cast that spell.
Casting: Magic Dart (safe; 3% risk of failure)
Confirm with . or Enter, or press ? or * to list all spells.
You don't have enough magic to cast that spell.
Casting: Magic Dart (safe; 3% risk of failure)
Confirm with . or Enter, or press ? or * to list all spells.
You don't have enough magic to cast that spell.
You hit the worm.
The worm is moderately wounded.
You hit the worm.
The worm is severely wounded.
The worm closely misses you.
A gnoll comes into view. It is wielding a flail.
You hit the worm but do no damage.
The worm is severely wounded.
The gnoll misses you.
A gnoll comes into view. It is wielding a spear.
You hit the worm.
The worm is severely wounded.
The gnoll barely misses you. The worm bites you.
The gnoll hits you from afar with a spear.
The gnoll throws a throwing net.
The throwing net barely misses you.
You see here a throwing net.
You closely miss the gnoll. The gnoll barely misses you.
You hit the gnoll.
The gnoll is lightly wounded.
The gnoll hits you with a flail!
* * * LOW HITPOINT WARNING * * *
Your magical contamination has completely faded away.
Casting: Magic Dart (safe; 3% risk of failure)
Confirm with . or Enter, or press ? or * to list all spells.
You don't know that spell.
There is a stone staircase leading down here.
The gnoll hits you but does no damage.
The gnoll throws a throwing net.
The throwing net hits you.
You become entangled in the net!
You see here a throwing net.
You struggle against the net.
The quokka bites you.
* * * LOW HITPOINT WARNING * * *
The gnoll hits you with a flail!
You die...

+ #.##.......###.........
##.#.##...................
........####..............
........# #.#............
........# ###.#..........
........# #.#...######
........# #.....### ...##
#.......# #..# ...#
#..@....# ..# ...#
#.#rg...##### ..# # ..+
#.#>....##.. ..#.#
#.#...g.##.#####.#.#
#.#.....##.#.)......
#.......w......#)#.#
##########.#..##.#.#
#.#.......#
######r##.##.###


You could see a worm, 2 gnolls and a quokka.

Vanquished Creatures
  2 gnolls
  An adder (D:2)
  A dart slug (D:1)
  A leopard gecko (D:1)
  2 orcs (D:2)
  2 giant cockroaches (D:2)
  8 goblins
  6 hobgoblins
  6 jackals (D:1)
  4 kobolds
  4 bats (D:1)
  4 frilled lizards
  3 rats
44 creatures vanquished.

Notes
Turn   | Place    | Note
-------+----------+-------------------------------------------
     0 | D:1      | Amnesiac the Demigod Wizard began the quest for the Orb.
     0 | D:1      | Reached XP level 1. HP: 14/14 MP: 6/6
    86 | D:1      | Reached skill level 1 in Conjurations
   405 | D:1      | Reached XP level 2. HP: 20/20 MP: 0/8
   409 | D:1      | Learned a level 2 spell: Call Imp
   772 | D:1      | Reached XP level 3. HP: 26/26 MP: 6/10
   777 | D:1      | Learned a level 3 spell: Mephitic Cloud
  1654 | D:2      | Found a shadowy altar of Dithmenos.
  1724 | D:2      | Slain by a gnoll

Vault maps used:
D:1:      nicolae_arrival_memento_mori, roderic_roman_lattice
D:2:      nicolae_dithmenos_through_a_glass_darkly,
          nicolae_overflow_hidden_temple, lemuel_crystal_altar,
          guppyfry_early_orc_mine, uniq_sigmund, uniq_terence

Skill      XL: |  1  2  3 |
---------------+----------+-----
Conjurations   | 1 2 3 |  3.1
Spellcasting   | 3 |  3.3
Dodging        | |  1.7
Stealth        | |  1.7
Summonings     | |  0.8
Translocations | |  0.8

Action                   || total
-------------------------++-------
Melee: Unarmed           ||    14
       Spear             ||    10
 Cast: Magic Dart        ||   105
  Eat: Chunk             ||     2
Armor: Robe              ||    11
Dodge: Dodged            ||    37

Table legend:
 A = Spawn XP
 B = Non-spawn XP
 C = Spawn XP percentage of total XP
 D = Spawn monster count
 E = Non-spawn monster count
 F = Spawn count percentage of total count
 G = Total turns spent on level
                    A         B        C        D         E        F      G
               +---------+---------+-------+---------+---------+-------+---------
         Total |       0 |     115 |   0.0 |       0 |      44 |   0.0 |  1724
               +---------+---------+-------+---------+---------+-------+---------
           D:1 |       0 |      62 |   0.0 |       0 |      27 |   0.0 |  1290
           D:2 |       0 |      53 |   0.0 |       0 |      17 |   0.0 |   434
               +---------+---------+-------+---------+---------+-------+---------
